AoeStats
← JamesNewstedd

Hideout

509572914Analyzed
1v1 RM · 4d ago on Sep 27, 2026· 69m 17s· 2 players
Game mode
Random Map
Map size
Tiny (2 player)
Population
200
Speed
Normal
Resources
Standard
Victory
Conquest
Starting age
Dark Age
Ending age
Imperial Age
RankedLock teamsTeams togetherTeam positionsShared explorationLock speedFull tech treeHidden civsTurbo modeCheats
Victory
Defeat
🇩🇪 Burmese · Germany
1749
+18
🇦🇷 Tatars · Argentina
1799
-18
JamesNewstedd
8:41 Feudal Age
8:42 Man-at-Arms
11:03 Horse Collar
12:09 Town Watch
16:30 Loom
17:23 Wheelbarrow
20:29 Castle Age
19:10 Gold Mining
24:00 Fervor
26:31 Stone Mining
27:46 Sanctity
27:32 Heavy Plow
28:42 Padded Archer Armor
34:58 Imperial Age
33:20 Gold Shaft Mining
33:16 Scale Mail Armor
33:41 Squires
33:49 Treadmill Crane
34:31 Masonry
34:43 Hand Cart
33:58 Pikeman
34:23 Arson
34:56 Chain Mail Armor
35:15 Forging
36:02 Conscription
35:05 Halberdier
36:16 Plate Mail Armor
36:21 Block Printing
36:32 Illumination
36:10 Husbandry
36:20 Bloodlines
35:31 Light Cavalry
36:17 Manipur Cavalry
36:53 Scale Barding Armor
37:41 Architecture
38:31 Iron Casting
37:18 Hussar
38:06 Elite Arambai
41:23 Chain Barding Armor
43:15 Blast Furnace
42:50 Plate Barding Armor
44:15 Fletching
45:15 Crop Rotation
46:43 Bodkin Arrow
48:02 Chemistry
47:13 Clinker Construction
50:08 Ballistics
50:35 Town Patrol
52:14 Guilds
59:34 Fortified Wall
59:39 Siege Engineers
samm
10:51 Feudal Age
16:01 Castle Age
14:53 Fletching
18:19 Double-Bit Axe
18:39 Town Watch
22:39 Loom
25:30 Wheelbarrow
27:17 Bow Saw
32:28 Imperial Age
30:11 Horse Collar
30:23 Gold Mining
30:46 Bodkin Arrow
30:54 Padded Archer Armor
31:37 Hand Cart
31:38 Bloodlines
32:35 Leather Archer Armor
32:42 Ballistics
33:18 Bracer
34:20 Chemistry
33:45 Conscription
34:40 Ring Archer Armor
35:23 Gold Shaft Mining
35:15 Guilds
35:27 Scale Mail Armor
35:35 Scale Barding Armor
35:22 Heavy Cavalry Archer
36:06 Silk Armor
36:43 Chain Barding Armor
36:37 Light Cavalry
37:22 Husbandry
37:46 Timurid Siegecraft
38:00 Siege Engineers
37:48 Heated Shot
37:31 Hussar
38:28 Forging
39:16 Plate Barding Armor
39:19 Timurid Siegecraft
40:19 Iron Casting
45:06 Masonry
51:30 Elite Skirmisher
Connection lost

Rejoining the realm…

Still unreachable

The connection could not be restored.

Session expired

The server has moved on; the page needs a fresh start.